[Event "Baku Open 2024"]
[Site "Baku"]
[Date "2024.07.06"]
[Round "8.22"]
[White "Akhilbay, Imangali"]
[Black "Serikbay, Assel"]
[Result "1-0"]
[ECO "B08"]
[WhiteElo "2303"]
[BlackElo "2217"]
[Annotator "RC"]
[PlyCount "103"]
[EventDate "2024.06.29"]
[EventType "swiss"]
[EventCountry "AZE"]
[SourceTitle "playchess.com"]
[Source "ChessBase"]
[SourceQuality "1"]
[TimeControl "5400+30"]

1. e4 c5 2. Nf3 d6 3. d4 cxd4 4. Qxd4 Nc6 5. Qd3 Nf6 6. Nc3 g6 7. Be2 Bg7 8. O-O O-O 9. Nd5 Nxd5 10. exd5 Ne5 11. Nxe5 Bxe5 12. c3 Bf5 13. Qd1 Qb6 14. Bh6 Rfe8 15. Qd2 Bd7 16. Rfe1 a5 17. a4 Rac8 18. h4 Bf6 19. h5 e5 20. dxe6 Rxe6 21. Bf3 Rxe1+ 22. Rxe1 Re8 23. Rxe8+ Bxe8 24. Bd5 Qc5 25. hxg6 hxg6 26. Qd3 Kh7 27. Bf4 Be5 28. Bd2 Kg7 29. b4 Qc8 30. b5 Qg4 31. Bb3 Bd7 32. Qf3 Qxf3 33. gxf3 Bf6 34. Bd5 b6 35. Bf4 Bxc3 36. Be3 Kf6 37. Bxb6 Ke5 38. Bxf7 g5 39. Be3 d5 40. Bxg5 Bf5 41. Be8 Kd6 42. Bd8 Kc5 43. b6 Bc8 44. f4 d4 45. Bb5 Bb7 46. f5 Kd6 47. f6 Ke6 48. Bc4+ Kd7 49. f7 Bb4 50. Bf6 Bf8 51. Bxd4 Kc8 52. Be5 1-0

[Event "Baku Open 2024"]
[Site "Baku"]
[Date "2024.07.06"]
[Round "8.23"]
[White "Md Imran"]
[Black "Khamdamova, Afruza"]
[Result "1-0"]
[ECO "D37"]
[WhiteElo "2180"]
[BlackElo "2291"]
[Annotator "RC"]
[PlyCount "195"]
[EventDate "2024.06.29"]
[EventType "swiss"]
[EventCountry "AZE"]
[SourceTitle "playchess.com"]
[Source "ChessBase"]
[SourceQuality "1"]
[TimeControl "5400+30"]

1. d4 d5 2. c4 e6 3. Nf3 Nf6 4. Nc3 Be7 5. Bf4 O-O 6. e3 b6 7. Bd3 dxc4 8. Bxc4 Bb7 9. Qe2 a6 10. O-O Nbd7 11. Rfd1 b5 12. Bd3 c5 13. dxc5 Bxc5 14. Ne5 h6 15. Be4 Qc8 16. Nxd7 Nxd7 17. Qf3 Ra7 18. Bxb7 Qxb7 19. Ne4 Be7 20. Rac1 Qa8 21. Bc7 Nf6 22. Bb6 Rb7 23. Bd4 Nxe4 24. Qxe4 Rc8 25. Kf1 Rd7 26. Qxa8 Rxa8 27. Ke2 Rad8 28. f4 f6 29. Rd2 Kf7 30. Rdc2 g5 31. Bb6 Rb8 32. Rc6 Bd8 33. Bxd8 Rbxd8 34. Rxa6 Rd2+ 35. Kf3 gxf4 36. Rc7+ Kg6 37. Rxe6 fxe3 38. Rcc6 Rf8 39. b3 Rxa2 40. Rxe3 Rb2 41. Kg3 Kg7 42. Rb6 Rd8 43. Rb7+ Kg6 44. Kh3 Rd5 45. Rg3+ Kf5 46. Rh7 Ke6 47. Rxh6 Rf2 48. Rh8 Rc5 49. Re3+ Kf7 50. Rh7+ Kg6 51. Rh4 Kf7 52. Rg3 Ke6 53. Rh8 Kf7 54. Rh7+ Ke6 55. Re3+ Kd6 56. Rh8 Rg5 57. g3 Rc5 58. Rh6 Rd5 59. g4 Rdd2 60. Kg3 Rg2+ 61. Kf4 Rdf2+ 62. Rf3 Ke6 63. h4 Ke7 64. Rh7+ Kd6 65. Rf7 Ke6 66. Rb7 Rd2 67. Re3+ Kd6 68. Rb6+ Kd7 69. Rxf6 Rd4+ 70. Re4 Rxe4+ 71. Kxe4 Rxg4+ 72. Rf4 Rg3 73. b4 Ke6 74. Kd4 Rh3 75. Kc5 Ke5 76. Rf8 Ke6 77. Rh8 Kd7 78. Rh7+ Kc8 79. Kxb5 Rf3 80. Rg7 Rf5+ 81. Ka4 Rh5 82. Rg4 Kc7 83. Rd4 Kc6 84. Kb3 Kb5 85. Kc3 Kc6 86. Kd3 Re5 87. Re4 Rf5 88. Kc4 Rf1 89. b5+ Kd6 90. Rd4+ Kc7 91. Kc5 Rc1+ 92. Rc4 Rh1 93. Rg4 Rc1+ 94. Kb4 Rb1+ 95. Ka5 Ra1+ 96. Ra4 Rc1 97. Ka6 Kb8 98. Rf4 1-0

[Event "Baku Open 2024"]
[Site "Baku"]
[Date "2024.07.06"]
[Round "8.24"]
[White "Ahmadov, Fariz"]
[Black "Novozhilov, Semen"]
[Result "0-1"]
[ECO "E60"]
[WhiteElo "2178"]
[BlackElo "2288"]
[Annotator "TA"]
[PlyCount "87"]
[EventDate "2024.06.29"]
[EventType "swiss"]
[EventCountry "AZE"]
[SourceTitle "playchess.com"]
[Source "ChessBase"]
[SourceQuality "1"]
[TimeControl "5400+30"]

1. Nf3 c5 2. g3 Nc6 3. Bg2 g6 4. d4 cxd4 5. Nxd4 Bg7 6. Nb3 Nf6 7. c4 O-O 8. O-O d6 9. Nc3 Be6 10. c5 d5 11. Be3 Qd7 {[%emt 0:01:27] Black is slightly better.} 12. Re1 Rfd8 13. Nb5 Bh3 14. Bh1 (14. f3 $142) 14... a6 15. N5d4 e5 ({Better is} 15... Ng4 {Hoping for ...Nxe3.} 16. Bc1 Nge5) 16. Nxc6 $17 bxc6 17. Bg5 h6 18. Bxf6 Bxf6 19. e4 a5 {[%emt 0:08:05] Black is more active.} 20. Qf3 Kg7 21. exd5 cxd5 {[%emt 0:00:20] And now ...a4 would win.} 22. c6 Qc8 {[%emt 0:00:41][%cal Oa5a4] White must now prevent ...a4!} (22... Qxc6 23. g4) 23. c7 {[%emt 0:02:08] [#]} Rd6 $1 $19 24. Rac1 a4 25. Nd2 (25. Nc5 {was necessary.} Ra7 (25... Qxc7 $2 26. Ne6+ Bxe6 27. Rxc7 $18) 26. Qc3) 25... Ra7 26. Rc5 Be6 27. Rec1 Rd7 (27... e4 28. Qd1 Rd7 (28... Bxb2 $2 29. R5c2 $19) 29. b3) 28. Qc3 e4 29. Qc2 Bd4 {[%emt 0:00:30][%cal Oe4e3] [#] Repels b4. Strongly threatening ...e3!} 30. Rc6 Be5 {[%emt 0:00:06][%cal Rd7c7] A strong pair of Bishops.} 31. b4 axb3 (31... Bxc7 32. Bxe4 Qg8 (32... dxe4 $2 {too greedy.} 33. Qc3+ f6 34. Rxe6 $18) 33. Bd3 $16) (31... Raxc7 32. Qxa4 Rxc6 33. Rxc6 $19) 32. Nxb3 Rdxc7 {[%emt 0:00:51] Black is clearly winning.} ({Much less strong is} 32... Raxc7 33. Rc5 $19) 33. Rc5 Rxc5 34. Qxc5 Qxc5 ({Weaker is} 34... Rxa2 35. Qxc8 Bxc8 36. Rxc8 $11) 35. Nxc5 Rxa2 36. Rd1 Bb8 {[%emt 0:00:40] aiming for ...Bg4.} 37. Rc1 Ba7 {[%emt 0:00:17] ...Bxc5 would now be deadly.} 38. h4 Bg4 39. Bg2 Kf6 40. Rc3 Ke5 41. Rc1 f5 42. Bf1 Bxc5 43. Rxc5 Ra1 {[%emt 0:00:05] ( -> ...Be2)} 44. f4+ {[%emt 0:00:28] Weighted Error Value: White=0.50/Black=0.16 (very precise) .  Mistake:       	White=3     	Black=1      Inaccurate:     	White=4     	Black=1      OK:         	White=6     	Black=12     Best:        	White=2     	Black=1} 0-1

[Event "Baku Open 2024"]
[Site "Baku"]
[Date "2024.07.06"]
[Round "8.25"]
[White "Rustamov, Rustam"]
[Black "Ajay Santhosh Parvathareddy"]
[Result "1/2-1/2"]
[ECO "B92"]
[WhiteElo "2285"]
[BlackElo "2163"]
[Annotator "TA"]
[PlyCount "131"]
[EventDate "2024.06.29"]
[EventType "swiss"]
[EventCountry "AZE"]
[SourceTitle "playchess.com"]
[Source "ChessBase"]
[SourceQuality "1"]
[TimeControl "5400+30"]

1. e4 c5 2. Nf3 d6 3. d4 cxd4 4. Nxd4 Nf6 5. Nc3 a6 6. Be2 e5 7. Nb3 Be7 8. Be3 Be6 9. O-O O-O 10. f4 exf4 11. Bxf4 Nc6 12. Kh1 Ne5 13. Nd4 Rc8 14. Nxe6 fxe6 15. Qd4 Qc7 16. Bg3 {[%emt 0:01:30] Black has an edge.} Nc4 17. Bxc4 Qxc4 18. Qxc4 (18. Qd3 $15) 18... Rxc4 $17 19. Bh4 (19. Rfd1 $142) 19... h6 20. Rfd1 Rfc8 21. a3 Kf7 22. Bxf6 gxf6 (22... Bxf6 23. Rxd6 R8c7 24. h3 (24. Rf1 $2 Ke7 $17)) 23. Rd3 b5 24. Rf1 R4c5 25. g3 a5 {[%emt 0:02:53] And now ...b4 would win.} 26. Rd4 Rb8 27. Rf3 (27. Rc1 $15) 27... b4 28. axb4 axb4 29. Nd1 Rxc2 30. b3 (30. Rf2 $17 b3 31. Rdd2) 30... Ra8 31. Rf2 Raa2 32. Rxc2 Rxc2 $19 {[%emt 0:00:02][%mdl 4096] Endgame. KRB-KRN} 33. Rd3 Re2 34. Ne3 Bf8 35. Kg1 {[%emt 0:01:05] [#]} d5 36. Kf1 $17 Rxh2 37. exd5 exd5 38. Nxd5 Ke6 39. Nc7+ $1 Kf5 {[%emt 0:01:11] [#] ...Ke4 would now be deadly.} 40. Rd8 {[%emt 0:00:27] The position is equal.} Rc2 41. Nd5 {[%emt 0:03:51] Threatens to win with Ne3+.} Ke5 42. Rxf8 Kxd5 $11 {[%emt 0:00:07] KR-KR} 43. Rb8 Rc3 {[%emt 0:00:10][%csl LRb3,LRg3] Hoping for ...Kc5.} 44. Rxb4 Rxg3 45. Rh4 Rxb3 46. Rxh6 f5 47. Rh4 Ke5 48. Ke2 Rb2+ 49. Ke1 f4 50. Rh3 Kf5 51. Kf1 Kg4 52. Ra3 Rb1+ 53. Kf2 Rb8 54. Rc3 Rh8 55. Kg2 Ra8 56. Kf2 Ra2+ 57. Kg1 Re2 58. Kf1 Rb2 59. Ra3 Kf5 60. Ra5+ Ke4 61. Ra4+ Kf5 (61... Kf3 $5 62. Ra3+ $8 Kg4 $11) 62. Ra5+ Kg4 {[%emt 0:00:00] Black wants to play ...Kg3.} 63. Ra3 Rd2 64. Rb3 Kf5 65. Rb5+ Kg4 {[%emt 0:00:00] Threatening ...Kg3.} 66. Rb3 {[%emt 0:00:04] Black had all chances to win.   Weighted Error Value: White=0.09 (flawless) /Black=0.08 (flawless) .  Mistake:       	White=4     	Black=1      Inaccurate:     	---       	Black=4      OK:         	White=21    	Black=15     Best:        	White=4     	Black=2      Strong:       	White=1     	---} 1/2-1/2

[Event "Baku Open 2024"]
[Site "Baku"]
[Date "2024.07.06"]
[Round "8.26"]
[White "Moosavifar, Seyed Abolfazl"]
[Black "Kaldarova, Ayaulym"]
[Result "0-1"]
[ECO "C17"]
[WhiteElo "2283"]
[BlackElo "2100"]
[Annotator "TA"]
[PlyCount "133"]
[EventDate "2024.06.29"]
[EventType "swiss"]
[EventCountry "AZE"]
[SourceTitle "playchess.com"]
[Source "ChessBase"]
[SourceQuality "1"]
[TimeControl "5400+30"]

1. e4 e6 2. d4 d5 3. Nc3 Bb4 4. e5 c5 5. Bd2 Ne7 6. Nb5 Bxd2+ 7. Qxd2 O-O 8. Nf3 a6 9. Nd6 cxd4 10. Nxc8 Qxc8 11. Bd3 Nbc6 12. O-O-O Qc7 13. Ng5 h6 14. Bh7+ Kh8 15. h4 Nxe5 (15... hxg5 16. hxg5 Qxe5 (16... Nxe5 $2 17. Qf4 $18) 17. Be4+ Kg8 18. Rh8+ (18. Bh7+ Kh8 $11) 18... Kxh8 19. Rh1+ Kg8 20. Bh7+ Kh8 21. Bf5+ Kg8 22. Bh7+ Kh8 23. Bd3+ Kg8 $11) 16. Qxd4 Rac8 (16... hxg5 17. hxg5 Ng8 18. c3 $16) 17. Kb1 Nc4 (17... hxg5 18. hxg5 g6 19. Qf4 $19) 18. Bd3 Nc6 (18... hxg5 19. hxg5+) 19. Qc3 b5 (19... hxg5 20. hxg5+ Kg8 21. Bh7+ Kh8 22. Bg6+) 20. Nf3 N6e5 21. Ng5 (21. Nxe5 $17 Nxe5 (21... Qxe5 22. Qxe5 Nxe5 23. Be2 $17) 22. Qxc7 Rxc7 23. Be2) 21... Qa5 (21... hxg5 22. hxg5+ Kg8 23. Bh7+ Kh8 24. Bf5+ Kg8 25. Rh8+ (25. Qh3 Na3+ 26. bxa3 Qxc2+ 27. Bxc2 f5 $18) 25... Kxh8 26. Qh3+ Kg8 27. Qh7#) 22. Qxa5 Nxa5 23. Nh3 Rc6 24. Be2 Rfc8 25. c3 Nac4 26. g4 {[%emt 0:01:43] [#]} (26. Nf4 $17 {ist eine bessere Verteidigung.}) 26... b4 $1 $19 27. f4 Ne3 28. Rd4 (28. fxe5 $17 Nxd1 (28... bxc3 29. Rc1 $11) 29. Bxd1) 28... N5c4 $19 ({Viel schwächer ist} 28... N5xg4 29. Rxb4 Nf6 30. Nf2 $19) 29. cxb4 $2 (29. Bxc4 {war nötig.} Rxc4 30. Rd3 Nxg4 31. cxb4) 29... Nxb2 $19 30. Nf2 (30. Kxb2 $142 Rc2+ 31. Kb1 Rxe2 32. Rd3) 30... Na4 31. Rd2 Nc3+ 32. Ka1 Nxe2 33. Rxe2 Nc2+ 34. Kb1 Nxb4 35. Rb2 Nc2 36. Rb3 Nd4 37. Rb7 Nb5 38. a4 (38. Nd3 $142) 38... Nc3+ $19 39. Ka1 Rc4 40. Nd3 Rxa4+ 41. Kb2 Rd4 42. Ne5 Na4+ 43. Ka3 Rxf4 44. Rh3 Kg8 45. Rhb3 g6 46. Nd7 $2 (46. R3b4 Nc5 (46... Rxb4 $2 47. Kxb4 Nc5 48. Ra7 $19) 47. Rxf4 Nxb7 48. Rxf7 Rc3+ 49. Kb4 Rc4+ 50. Nxc4 Kxf7 51. Ne3) 46... Kg7 $19 (46... Rxg4 47. Nf6+ Kg7 48. Nxg4 $11) 47. Ra7 Rc1 48. Rbb7 Ra1+ 49. Kb3 Rb1+ (49... Rf2 $142 50. Kb4 Rb2+ 51. Ka5 Nc5#) 50. Ka3 $19 Rxb7 51. Rxb7 Nc3 52. Nc5 Nb5+ 53. Kb2 Nd4 54. g5 Rxh4 55. gxh6+ Rxh6 56. Kc3 Rh4 57. Nxa6 Nf5 58. Nc7 Nd6 59. Ra7 Kf6 60. Kd3 g5 61. Na8 g4 62. Nb6 g3 63. Nd7+ Kf5 64. Ke2 Rf4 65. Ra1 Rf2+ 66. Ke3 Nc4+ 67. Kd4 0-1

[Event "Baku Open 2024"]
[Site "Baku"]
[Date "2024.07.06"]
[Round "8.27"]
[White "Allahverdiyeva, Ayan"]
[Black "Zhalmakhanov, Ramazan"]
[Result "0-1"]
[ECO "C78"]
[WhiteElo "2133"]
[BlackElo "2505"]
[Annotator "TA"]
[PlyCount "98"]
[EventDate "2024.06.29"]
[EventType "swiss"]
[EventCountry "AZE"]
[SourceTitle "playchess.com"]
[Source "ChessBase"]
[SourceQuality "1"]
[TimeControl "5400+30"]

1. e4 e5 2. Nf3 Nc6 3. Bb5 a6 4. Ba4 Nf6 5. O-O b5 6. Bb3 Bc5 7. c3 d6 8. a4 Rb8 9. d4 Bb6 10. a5 Ba7 11. h3 O-O 12. Be3 {[%emt 0:00:05] The position is equal.} Ra8 (12... Nxe4 13. Bd5 exd4 14. Bxe4) 13. Re1 Re8 14. Nbd2 h6 15. Bc2 Bd7 (15... Bb7 $11 {is superior.}) 16. Bb1 $14 Qc8 17. Qb3 (17. Nf1 $1 $16) 17... Nh5 (17... Nd8 $5) 18. Ba2 Nd8 19. Nh4 c5 (19... Nf6 $11) 20. Qd1 Nf6 21. Qf3 ({Better is} 21. dxe5 $14 dxe5 22. Bd5) 21... Kh7 (21... c4 $11) 22. dxe5 $16 dxe5 23. Nf1 (23. Bd5 $1 $16) 23... c4 $11 24. Bd2 Qc6 25. Ng3 (25. Bb1 $11) 25... g6 26. Bb1 Kg7 (26... Nb7 $15) 27. Nf1 (27. Bc2 $11 {keeps the balance.}) 27... Nb7 $17 28. Ne3 (28. Bc2 $17 {keeps fighting.}) 28... Nc5 $1 $19 {[%emt 0:01:02][%cal Oc5b3] Threatens to win with ...Nb3!} 29. Nd5 {[%emt 0:03:58] [#]} g5 (29... Nxd5 $1 $19 30. exd5 Qd6) 30. Qg3 $2 {[%emt 0:03:50][%mdl 8192] This costs White the game.} ({White must play} 30. Nb4 $1 $15 Qb7 31. Nd5) 30... Nxd5 $2 (30... Ncxe4 $19 31. Bxe4 Nxe4 (31... Nxd5 $2 {too greedy.} 32. Rad1 $18) 32. Rxe4 Qxd5) 31. exd5 $17 {[%emt 0:01:04] [#]} Qf6 (31... Qxd5 32. Bxg5 e4 (32... hxg5 $2 {perishes.} 33. Qxg5+ Kf8 34. Qf6 $18) 33. Be3+ Kf8 34. Bxh6+ Ke7 35. Bg5+ Ke6 36. Bc2 $18) 32. Bc2 (32. Be3 {is a better defense.}) 32... e4 $19 33. Be3 {[%emt 0:00:06] Bd4 is the strong threat.} Bb8 34. f4 Bxf4 35. Qf2 (35. Bxf4 {is the only way for White.} Qxf4 36. Qxf4 gxf4 37. Rf1) 35... Bxe3 36. Qxe3 Nd3 37. Rf1 Qe5 38. Bxd3 cxd3 39. Qf2 f6 {[%emt 0:00:52] Active counter play!} 40. Nf5+ Bxf5 41. Qxf5 Rad8 42. Qxe5 Rxe5 {[%emt 0:00:05][%mdl 4096] Endgame. KRR-KRR} 43. Rfe1 Rdxd5 {[%emt 0:00:19] And now ...d2 would win.} 44. Rad1 f5 45. b3 e3 46. c4 bxc4 47. bxc4 Rd4 {[%emt 0:00:09][%cal Od3d2] Hoping for ...d2!} 48. c5 d2 49. Re2 Rxc5 {[%emt 0:00:17] Weighted Error Value: White=1.02/Black=0.30.  Loses game:     	White=1     	---        Missed win:     	---       	Black=1      Mistake:       	White=8     	Black=5      Inaccurate:     	White=6     	Black=4      OK:         	White=8     	Black=14     Best:        	White=1     	Black=1} 0-1

[Event "Baku Open 2024"]
[Site "Baku"]
[Date "2024.07.06"]
[Round "8.28"]
[White "Kairbekova, Amina"]
[Black "Tsaruk, Maksim"]
[Result "1/2-1/2"]
[ECO "C44"]
[WhiteElo "2244"]
[BlackElo "2480"]
[Annotator "TA"]
[PlyCount "43"]
[EventDate "2024.06.29"]
[EventType "swiss"]
[EventCountry "AZE"]
[SourceTitle "playchess.com"]
[Source "ChessBase"]
[SourceQuality "1"]
[TimeControl "5400+30"]

1. e4 e5 2. Nf3 Nc6 3. d4 exd4 4. Bc4 Bc5 5. Ng5 Nh6 6. Nxf7 Nxf7 7. Bxf7+ Kxf7 8. Qh5+ g6 9. Qxc5 {[%emt 0:00:08] The position is equal.} d5 10. O-O dxe4 11. c3 Qd6 12. Qxd6 cxd6 13. cxd4 Nxd4 {[%emt 0:03:08] [#] Threatens to win with ...Nc2.} 14. Nc3 Bg4 15. Nxe4 Nc2 16. Nxd6+ Ke6 17. Bf4 $1 Nxa1 18. Rxa1 Rhf8 19. Bg3 b6 20. Re1+ Kd7 21. f3 Bf5 22. Rd1 {[%emt 0:02:17] A rather calm draw.   Weighted Error Value: White=0.00 (flawless) /Black=0.00 (flawless) .  OK:         	White=8     	Black=10     Best:        	White=1     	---        Strong:       	White=1     	---} 1/2-1/2

[Event "Baku Open 2024"]
[Site "Baku"]
[Date "2024.07.06"]
[Round "8.29"]
[White "Salimova, Nurgyul"]
[Black "Valiyev, Shahin"]
[Result "1/2-1/2"]
[ECO "E06"]
[WhiteElo "2436"]
[BlackElo "2244"]
[Annotator "TA"]
[PlyCount "81"]
[EventDate "2024.06.29"]
[EventType "swiss"]
[EventCountry "AZE"]
[SourceTitle "playchess.com"]
[Source "ChessBase"]
[SourceQuality "1"]
[TimeControl "5400+30"]

1. d4 d5 2. c4 e6 3. Nc3 Be7 4. Nf3 Nf6 5. g3 O-O 6. Bg2 dxc4 7. Ne5 c5 8. dxc5 Qxd1+ 9. Nxd1 Bxc5 10. O-O Nd5 11. Ne3 Nc6 12. N3xc4 Nxe5 {[%emt 0:08:07] White is slightly better.} 13. Nxe5 f6 14. Nd3 Be7 15. Bxd5 exd5 16. Be3 b6 17. Nf4 Rd8 18. Rfd1 Bb7 19. Rac1 Rd7 {[%emt 0:00:11] Wards off Rc7} 20. h4 Kf7 21. Bd4 Bd6 22. Ng2 Rc8 23. Rxc8 Bxc8 24. Ne3 Bb7 25. h5 h6 26. Kg2 Ke6 27. f3 Rc7 28. Kf2 Be5 29. f4 Bd6 30. Kf3 Bf8 31. g4 Be7 32. Nf5 Kf7 33. Rg1 Bc8 34. Ne3 Bb7 35. Nf5 Bc8 36. Nxe7 Rxe7 37. Rc1 Bb7 38. e3 Re6 39. Rg1 Rc6 40. g5 Bc8 41. Bc3 {[%emt 0:07:49] Weighted Error Value: White=0.09 (flawless) /Black=0.08 (flawless) .  Inaccurate:     	White=4     	Black=2      OK:         	White=14    	Black=6      Best:        	---       	Black=1} 1/2-1/2

[Event "Baku Open 2024"]
[Site "Baku"]
[Date "2024.07.06"]
[Round "8.30"]
[White "Ahmad, Khagan"]
[Black "Saravana, Krishnan P."]
[Result "1-0"]
[ECO "B13"]
[WhiteElo "2401"]
[BlackElo "2236"]
[Annotator "TA"]
[PlyCount "91"]
[EventDate "2024.06.29"]
[EventType "swiss"]
[EventCountry "AZE"]
[SourceTitle "playchess.com"]
[Source "ChessBase"]
[SourceQuality "1"]
[TimeControl "5400+30"]

1. e4 c6 2. d4 d5 3. exd5 cxd5 4. Bd3 Nc6 5. c3 g6 6. Bf4 Nf6 7. Nf3 Bg7 8. O-O O-O 9. Nbd2 Nh5 10. Bg5 (10. Be3 $14) 10... f6 $1 $11 11. Bh4 Be6 12. Re1 Bf7 {[%emt 0:01:25] The position is equal.} 13. b4 e6 14. b5 Ne7 15. c4 Nf5 16. cxd5 Qxd5 17. Bc4 Qd7 18. Ne4 Nxh4 19. Nxh4 b6 {[%emt 0:05:36] Wards off Nc5} (19... f5 20. Ng5 Qxd4 (20... Bxd4 $2 21. Nhf3 $18) 21. Qxd4 Bxd4 22. Rad1 $18) 20. Nf3 (20. g3 $1 $11) 20... Nf4 21. Qb3 Rac8 22. g3 Nd5 23. Rac1 Rfd8 24. h4 h6 25. Nc3 Nc7 26. Bf1 Nd5 (26... e5 $1 $15 27. Bc4 Bxc4 (27... exd4 28. Nxd4 Bxc4 29. Qxc4+ Qf7 30. Qxf7+ Kxf7 31. Nc6 $16) 28. Qxc4+ Ne6) 27. Nxd5 exd5 28. Kh2 g5 29. hxg5 hxg5 30. Nd2 Bh6 31. Rxc8 Rxc8 32. Qf3 Qd6 (32... f5 $11) 33. Qf5 Re8 34. Rxe8+ Bxe8 35. Bg2 Kg7 36. Bxd5 {[%emt 0:02:11] Black must now prevent Be4.} (36. Qxd5 $6 Qxd5 37. Bxd5 Bxb5 $11) 36... Bd7 37. Qe4 {[%emt 0:00:54] And now Nc4 would win. White is more active.} f5 $1 38. Nc4 Qf6 (38... Qxg3+ $1 $14 39. Kxg3 fxe4) 39. Qe3 $18 Bxb5 (39... f4 $16 40. Qa3 fxg3+ 41. fxg3 Qf5) 40. Ne5 $40 {[%emt 0:00:05][%mdl 128] Hoping for Qc3. White wants a kill.} Qe7 $2 {[%emt 0:02:37] Loses the game.} (40... f4 $16 41. Qc3 Qd6) 41. Qf3 Bd7 42. Qc3 (42. Bb3 $142 {Qb7 is the strong threat.} Be8 43. Qxf5) 42... Qd6 {[%emt 0:01:06] [#]} (42... Kf6 $142 43. Bc6 Bc8) 43. Bb3 $1 b5 (43... f4 $142 44. Qc4 fxg3+ 45. Kh1 (45. Kxg3 Qf8 $18) 45... Qf8) 44. Nxd7 Qxd7 45. d5+ Kf7 (45... Kh7 $18 46. Qc6 Qg7) 46. d6+ {[%emt 0:00:07] Weighted Error Value: White=0.19 (very precise) /Black=0.57.  Loses game:     	---       	Black=1      Mistake:       	White=2     	Black=7      Inaccurate:     	White=5     	Black=4      OK:         	White=12    	Black=7      Best:        	White=6     	---        Strong:       	White=1     	Black=1} 1-0

[Event "Baku Open 2024"]
[Site "Baku"]
[Date "2024.07.06"]
[Round "8.31"]
[White "Fataliyeva, Ulviyya"]
[Black "Prokhorov, Aleksey"]
[Result "0-1"]
[ECO "E94"]
[WhiteElo "2399"]
[BlackElo "2161"]
[Annotator "TA"]
[PlyCount "72"]
[EventDate "2024.06.29"]
[EventType "swiss"]
[EventCountry "AZE"]
[SourceTitle "playchess.com"]
[Source "ChessBase"]
[SourceQuality "1"]
[TimeControl "5400+30"]

1. d4 Nf6 2. c4 g6 3. Nc3 Bg7 4. e4 d6 5. Nf3 O-O 6. Be2 e5 7. O-O exd4 8. Nxd4 Re8 9. f3 c6 10. Kh1 d5 (10... Nfd7 $11) 11. cxd5 $16 cxd5 12. Bg5 {[%emt 0:00:04] Nxd5 is the strong threat.} dxe4 13. Nxe4 (13. Ndb5 $16 {Strongly threatening fxe4.} exf3 14. Qxd8 Rxd8 15. Rxf3) 13... h6 (13... Qb6 $11 14. Bc4 Bd7) 14. Bxf6 $1 Bxf6 15. Nb5 {[%emt 0:00:50][%cal Bd4b5,Bb5d6,Bd6e4][%mdl 32] A dynamic duo of knights.} Na6 16. Nbd6 Rf8 17. Bc4 $1 {[%emt 0:04:48] Black is weak on the light squares} Kg7 (17... Be6 $16) 18. Nxf6 $2 (18. f4 $18) 18... Qxf6 $14 19. Re1 {[%emt 0:04:04] Hoping for Bxf7.} Nc7 20. Ne4 Qxb2 21. Qd6 (21. Rb1 $1 $16 Qe5 22. a4) 21... Ne8 $11 22. Qe7 Bf5 {[%emt 0:01:28] Really sharp!} 23. Bb3 (23. Rab1 $5 Qd4 $8 24. Bb3 $14) 23... Bxe4 24. fxe4 {[%emt 0:01:09][%cal Oe1f1] aiming for Rf1!} Rc8 25. Rab1 $132 {[%emt 0:02:28][%mdl 2048] White is not keeping still} Qc3 26. Qxb7 (26. e5 {is interesting.} Rc7 27. Qh4 a5 28. Qf4) 26... Rc7 27. Qb5 Nf6 28. Qf1 (28. e5 $11 Ng4 29. h3) 28... Qe5 $17 29. Rbd1 Re8 30. Qf3 Ree7 31. Rd3 Nxe4 {[%emt 0:01:49][%cal Oe4f2] Threatens to win with ...Nf2+!} 32. Rde3 f5 {[%emt 0:00:13] ...Rc3 would now be deadly.} 33. g4 $1 a5 {[%emt 0:02:54] Black is much more active.} (33... Re8 $17) 34. Qg2 {[%emt 0:01:07] And now gxf5 would win.} Kf6 {[%emt 0:00:50] [#]} ({Don't play} 34... Qf4 35. gxf5 Nf2+ 36. Kg1 Rxe3 37. Qxg6+ Kf8 38. Qg8+ Ke7 39. Qf7+ Kd6 40. Qd5+ Ke7 41. Qf7+ Kd6 42. Qd5+ Ke7 43. Qf7+) (34... a4 $11 35. gxf5 axb3 (35... Qxf5 36. Rxe4 $11) 36. Qxg6+ (36. Rxe4 $2 Qxe4 37. Qxe4 Rxe4 $19) 36... Kf8 37. Rxe4 Qd5 38. Qxh6+ Kg8 39. Qg6+ Kf8 40. Qf6+ Kg8 41. Qg6+ Kf8 42. Qf6+ Kg8 43. Qg6+) 35. gxf5 $1 $16 gxf5 {[%emt 0:00:04] [#]} 36. Rxe4 Qxe4 {[%emt 0:00:14] Black used his chance.   Weighted Error Value: White=0.39/Black=0.27 (precise) .  Loses game:     	White=1     	---        Missed win:     	White=1     	---        Mistake:       	White=3     	Black=4      Inaccurate:     	White=1     	Black=5      OK:         	White=5     	Black=7      Best:        	---       	Black=3      Strong:       	White=4     	---} 0-1